 Dungeon Crawl Stone Soup version 0.26.1-2-gb8aa6d0cf2 (webtiles) character file.

Game seed: 10779449300041456405

62 Gadfly the Skirmisher (level 4, -4/48 HPs)
             Began as an Ogre Monk on Feb 13, 2021.
             Was a Believer of Okawaru.
             Slain by Terence
             ... wielding a +2 flail of protection
              (7 damage)
             ... on level 1 of the Dungeon.
             The game lasted 00:03:52 (2626 turns).

Gadfly the Skirmisher (Ogre Monk)                   Turns: 2626, Time: 00:03:53

Health: -4/48      AC:  3    Str: 13 (16) XL:     4   Next: 8%
Magic:  5/5        EV: 10    Int: 10 (11) God:    Okawaru [**....]
Gold:   51         SH:  0    Dex: 10 (11) Spells: 3/3 levels left

rFire    . . .     SeeInvis .   a - +0 mace
rCold    . . .     Faith    .   (no shield)
rNeg     . . .     Spirit   .   b - +0 robe
rPois    .         Reflect  .   (helmet restricted)
rElec    .         Harm     .   (no cloak)
rCorr    .         Rampage  .   (gloves unavailable)
Will     .....                  (boots unavailable)
Stlth    ++........             (no amulet)
HPRegen  0.16/turn              (no ring)
MPRegen  0.09/turn              (no ring)

@: no status effects
A: large, unfitting armour, tough skin 1
a: Renounce Religion, Heroism


You were on level 1 of the Dungeon.
You worshipped Okawaru.
Okawaru was pleased with you.
You visited 1 branch of the dungeon, and saw 2 of its levels.

You collected 51 gold pieces.

Inventory:

Hand Weapons
 a - a +0 mace (weapon)
Missiles
 c - 21 stones (quivered)
Armour
 b - a +0 robe (worn)


   Skills:
 - Level 4.0 Fighting
 + Level 3.0 Maces & Flails
 * Level 1.5 Throwing
 * Level 1.2 Armour
 - Level 2.6 Dodging
 - Level 1.4 Stealth
 * Level 1.4 Invocations
 * Level 1.0 Evocations


You had 3 spell levels left.
You didn't know any spells.
Your spell library was empty.

Dungeon Overview and Level Annotations

Branches:
Dungeon (2/15)

Altars:
Ashenzari
Okawaru

Annotations:
D:1 Terence


Innate Abilities, Weirdness & Mutations

You are too large for most types of armour.
You have tough skin. (AC +1)


Message History

Terence is severely wounded.
Terence hits you with a +2 flail of protection.
* * * LOW HITPOINT WARNING * * *
You hit Terence.
Terence is almost dead.
Terence hits you but does no damage.
You barely miss Terence.
Terence is almost dead.
Terence misses you.
You hit Terence but do no damage.
Terence is almost dead.
Terence barely misses you.
You hit Terence.
Terence is almost dead.
Terence hits you with a +2 flail of protection.
* * * LOW HITPOINT WARNING * * *
You hit Terence but do no damage.
Terence is almost dead.
Terence hits you with a +2 flail of protection!
You die...

..#.# #.##.≈PPP..# ..#.#
#.#######@## #.#.#
#.........# #.#.#
#######.### ..#.## #...#
#)...##### ###.#
.#.......# #.#
.#.....#.# ###.#######
##.....#.# #..@@.....#
#......#.# #.#.#####.#
#......#.# #.#.#####.#
....####.# #.#....##.#
#.###..#.#####.####.##.#
###.........##.####.##.#
#...........##...).....#
###.........#######.####
#.###.................##


You could see Terence.

Vanquished Creatures
  An adder (D:2)
  5 dart slugs (D:1)
  2 leopard geckos
  A giant cockroach (D:2)
  6 goblins
  7 hobgoblins
  A ball python (D:1)
  2 bats (D:1)
  5 frilled lizards
  4 kobolds (D:1)
  9 rats
43 creatures vanquished.

Vanquished Creatures (others)
  3 plants (D:1)
3 creatures vanquished.

Grand Total: 46 creatures vanquished

Notes
Turn   | Place    | Note
-------+----------+-------------------------------------------
     0 | D:1      | Gadfly the Ogre Monk began the quest for the Orb.
     0 | D:1      | Reached XP level 1. HP: 24/24 MP: 1/1
   169 | D:1      | Reached XP level 2. HP: 14/32 MP: 2/2
   747 | D:1      | Reached skill level 1 in Throwing
   747 | D:1      | Reached skill level 1 in Invocations
   751 | D:1      | Reached XP level 3. HP: 39/39 MP: 3/3
   754 | D:1      | Found a broken altar of Ashenzari.
  1568 | D:2      | Reached skill level 1 in Armour
  1765 | D:2      | Reached skill level 1 in Evocations
  1884 | D:2      | Found an iron altar of Okawaru.
  1892 | D:2      | Became a worshipper of Warmaster Okawaru
  1892 | D:2      | Reached * piety under Okawaru
  1892 | D:2      | Reached ** piety under Okawaru
  2102 | D:2      | Reached XP level 4. HP: 42/48 MP: 5/5
  2180 | D:2      | Noticed Terence
  2626 | D:1      | Slain by Terence

Illustrated notes

Levels and vault maps discovered:
D:1:      dpeg_arrival_more_subterranean_lakeside_camping, layout_loops_ring,
          serial_bayou, serial_bayou_pond_d, serial_bayou_crossing,
          serial_bayou_pond_c, serial_bayou_lagoon_b, serial_bayou_pond_c,
          serial_bayou_shore_a, nicolae_ashenzari_panopticon
D:2:      layout_rooms, minitemple, nzn_wu_jian_council_hall,
          kennysheep_okawaru_gauntlet, kennysheep_cross_room, uniq_terence

Skill      XL: |  1  2  3  4 |
---------------+-------------+-----
Throwing       | 1 |  1.5
Invocations    | 1 |  1.4
Armour         | 1 |  1.2
Evocations     | 1 |  1.0
Maces & Flails | 3 |  3.0
Fighting       | |  4.0
Dodging        | |  2.6
Stealth        | |  1.4

Action                   |  1- 3 |  4- 6 || total
-------------------------+-------+-------++-------
Melee: Mace              |   122 |    56 ||   178
       Punch             |       |     1 ||     1
Throw: Stone             |     2 |       ||     2
Invok: Heroism           |       |     1 ||     1
  Use: Scroll            |     2 |     1 ||     3
       Potion            |       |     1 ||     1
 Stab: Sleeping          |     1 |       ||     1
Armor: Robe              |    34 |     3 ||    37
Dodge: Dodged            |    81 |    37 ||   118
